Unix NetHack Version 5.0.0-0 post-release - last build Jun 10 2026 00:39:30 (3ee93aec679c4c4259841fe613dc97188e26a321,branch:main).

Game began 2026-06-14 07:01:35, ended 2026-06-14 07:08:36.

DiePARTEI, neutral female human Tourist

                               -..
                               .@.
                               GfG

DiePARTEI the Rambler       St:10 Dx:10 Co:18 In:13 Wi:7 Ch:17  Neutral
Dlvl:3  $:45 HP:0(10) Pw:2(2) AC:9  Xp:1 T:674 

Latest messages:
 You hit the lichen.
 You hit the lichen.
 You kill the lichen!
 You see here a murky potion.
 J - a murky potion.
 You see here 9 gold pieces.
 $ - 9 gold pieces (45 in total).
 You swap places with your kitten.
 You hear some noises.
 It misses the fox.
 It misses the fox.
 The fox just misses!
 It misses the fox.
 The fox bites!
 The kitten bites the fox.
 The fox is killed!
 There's some graffiti on the floor here.
 You read: "Need ? light?  ?ome vi?it the Minc?o?? brarch of I?ch?k'? L?ghting  tore?".
 Your kitten eats a fox corpse.
 The door resists!
 The door opens.
 You see here a black potion.
 K - a black potion.
 Where do you want to travel to?
 (For instructions type a '?')
 You descend the stairs.
 In what direction? 3
 The dart misses the gnome lord.
 The kitten misses the gnome lord.
 The gnome lord drinks a dark green potion!
 The gnome lord is suddenly moving faster.
 The kitten bites the gnome.
 In what direction? 3
 The dart hits the gnome lord!
 The kitten bites the gnome.
 The gnome is killed!
 The gnome lord hits!
 Your kitten eats a gnome corpse.
 In what direction? 3
 The dart hits the gnome lord.
 In what direction? 3
 The dart hits the gnome lord!
 The gnome lord hits!
 In what direction? 3
 The dart misses the gnome lord.
 The gnome lord hits!
 The gnome hits!
 You die...
 Do you want your possessions identified? [ynq] (y) y
 Do you want to see your attributes? [ynq] (y) q

Inventory:
 Coins    ('$')
  $ - 45 gold pieces
 Weapons  (')')
  a - 23 +2 darts (at the ready)
 Armor    ('[')
  t - an uncursed +0 elven cloak (being worn)
  k - an uncursed +0 Hawaiian shirt with a sailboat motif (being worn)
 Comestibles  ('%')
  d - 2 uncursed slime molds
  b - an uncursed carrot
  f - 6 uncursed food rations
  e - 3 uncursed fortune cookies
 Scrolls  ('?')
  j - a blessed scroll of magic mapping
  i - 3 uncursed scrolls of magic mapping
 Potions  ('!')
  K - an uncursed potion of blindness
  h - 2 uncursed potions of extra healing
  J - an uncursed potion of sickness
  H - an uncursed potion of water
 Wands    ('/')
  o - a wand of sleep (0:6)
 Tools    ('(')
  l - an expensive camera (0:94)
  D - an uncursed oil lamp
  B - an uncursed skeleton key
 Gems/Stones  ('*')
  I - an uncursed fluorite stone

DiePARTEI the Tourist's attributes:

Background:
 You were a Rambler, a level 1 female human Tourist.
 You were neutral, on a mission for The Lady
 who was opposed by Blind Io (lawful) and Offler (chaotic).
 You were right-handed.
 You were in the Gnomish Mines, on level 3.
 You entered the dungeon 674 turns ago.
 There was a new moon in effect when your adventure ended.
 You had 17 experience points, 3 more were needed to attain level 2.

Basics:
 You had 0 out of 10 hit points.
 You had both energy points (spell power).
 Your armor class was 9.
 Your wallet contained 45 zorkmids.
 Autopickup was off.

Final Characteristics:
 Your strength was 10 (limit:18/100).
 Your dexterity was 10 (limit:18).
 Your constitution was 18 (limit:18).
 Your intelligence was 13 (limit:18).
 Your wisdom was 7 (limit:18).
 Your charisma was 17 (limit:18).

Final Status:
 You weren't hungry.
 You were unencumbered.
 You were bare handed.
 You were unskilled in bare handed combat.

Final Attributes:
 You were stridently aligned.
 You were stealthy.
 You were warded.
 You are dead.

Miscellaneous:
 You didn't encounter any bones levels.
 Total elapsed playing time was 7 minutes.

Major events:
 Turn
    1: DiePARTEI the neutral female human Tourist entered the dungeon
  669: entered the Gnomish Mines
  674: killed by a gnome

You didn't know any spells.

Skills:
 Fighting Skills
   bare handed combat [Unskilled]
   two weapon combat  [Unskilled]
   riding             [Unskilled]
 Weapon Skills
   dagger             [Unskilled]
   knife              [Unskilled]
   axe                [Unskilled]
   pick-axe           [Unskilled]
   short sword        [Unskilled]
   broadsword         [Unskilled]
   long sword         [Unskilled]
   two-handed sword   [Unskilled]
   saber              [Unskilled]
   mace               [Unskilled]
   morning star       [Unskilled]
   flail              [Unskilled]
   hammer             [Unskilled]
   quarterstaff       [Unskilled]
   polearms           [Unskilled]
   spear              [Unskilled]
   trident            [Unskilled]
   lance              [Unskilled]
   bow                [Unskilled]
   sling              [Unskilled]
   crossbow           [Unskilled]
   dart               [Basic]
   shuriken           [Unskilled]
   boomerang          [Unskilled]
   whip               [Unskilled]
   unicorn horn       [Unskilled]
 Spellcasting Skills
   divination spells  [Unskilled]
   enchantment spells [Unskilled]
   escape spells      [Unskilled]

Voluntary challenges:
 Character rerolling was not enabled.
 You were an atheist.
 You never hit with a wielded weapon.
 You never genocided any monsters.
 You never polymorphed an object.
 You never changed form.
 You used no wishes.
Achievements:
 You entered a shop.
 You entered the Gnomish Mines.

 The Dungeons of Doom: levels 1 to 2
    Level 1:
       A fountain.
    Level 2:
       A general store, a sink.
       Stairs down to The Gnomish Mines.
 The Gnomish Mines:
    Level 3: <- You were here.
       Final resting place for
          you, killed by a gnome.


Vanquished creatures:
  a gnome
  3 jackals
  a fox
  3 kobolds
  2 sewer rats
  2 grid bugs
  a lichen
  3 newts
16 creatures vanquished.

No species were genocided or became extinct.

Game over:
                       ----------
                      /          \
                     /    REST    \
                    /      IN      \
                   /     PEACE      \
                  /                  \
                  |    DiePARTEI     |
                  |      45 Au       |
                  |   killed by a    |
                  |      gnome       |
                  |                  |
                  |                  |
                  |       2026       |
                 *|     *  *  *      | *
        _________)/\\_//(\/(/\)/\//\/|_)_______

Aloha DiePARTEI the Tourist...

You died in The Gnomish Mines on dungeon level 3 with 188 points,
and 45 pieces of gold, after 674 moves.
You were level 1 with a maximum of 10 hit points when you died.

